 Dungeon Crawl Stone Soup version 0.30-a0-782-ge64f9170bb (webtiles) character file.

Game seed: 9794125186269894965

4596 Crownlay the Geomancer (level 10, -4/50 HPs)
             Began as a Gargoyle Earth Elementalist on Mar 8, 2023.
             Was an Elder of Vehumet.
             Slain by a wolf (7 damage)
             ... led by Grum
             ... on level 9 of the Dungeon.
             The game lasted 00:16:52 (7728 turns).

Crownlay the Geomancer (GrEE)                       Turns: 7728, Time: 00:16:53

Health: -4/50      AC: 11    Str: 11    XL:     10   Next: 41%
Magic:  14/23      EV: 11    Int: 21    God:    Vehumet [****..]
Gold:   629        SH:  0    Dex: 10    Spells: 23/27 levels left

rFire   . . .      SeeInvis .    E - staff of earth
rCold   . . .      Faith    .    (no shield)
rNeg    + + +      Spirit   .    k - +1 robe {rN+}
rPois   ∞          Reflect  .    (no helmet)
rElec   +          Harm     .    (no cloak)
rCorr   .          Rampage  .    (no gloves)
Will    .....                    y - +0 pair of boots
Stlth   ++                       (no amulet)
HPRegen 0.28/turn                o - ring of positive energy
MPRegen 0.18/turn                (no ring)

@: no status effects
A: sickness immunity, AC +7, negative energy resistance 1, electricity
resistance, torment resistance 1, petrification resistance
a: Renounce Religion


You were on level 9 of the Dungeon.
You worshipped Vehumet.
Vehumet was greatly pleased with you.
You visited 1 branch of the dungeon, and saw 9 of its levels.
You also visited: Sewer.

You collected 629 gold pieces.

Inventory:

Missiles
 i - 2 throwing nets
Armour
 k - a +1 robe of positive energy (worn)
 y - a +0 pair of boots (worn)
Magical Staves
 E - a staff of earth (weapon)
Jewellery
 f - a ring of resist corrosion
 o - a ring of positive energy (left hand)
 G - a ring of ice
Wands
 w - a wand of charming (8)
Scrolls
 e - 3 scrolls of identify
 g - 2 scrolls of blinking
 h - 4 scrolls of vulnerability
 j - 3 scrolls of immolation
 l - 4 scrolls of amnesia
 m - a scroll of poison
 n - 8 scrolls of teleportation
 s - 2 scrolls of silence
 x - a scroll of torment
 A - a scroll of enchant armour {unknown}
 D - a scroll of acquirement {unknown}
 F - a scroll of brand weapon {unknown}
Potions
 a - a potion of berserk rage {unknown}
 b - 4 potions of magic
 c - a potion of heal wounds
 d - 3 potions of attraction
 p - 6 potions of curing
 q - 2 potions of brilliance
 r - 2 potions of ambrosia
 t - a potion of lignification {unknown}
 u - a potion of invisibility {unknown}
 v - a potion of flight {unknown}
 z - 2 potions of cancellation
 B - a potion of resistance {unknown}
 C - a potion of mutation {unknown}


   Skills:
 - Level 1.5 Dodging
 - Level 2.1 Stealth
 + Level 9.2 Spellcasting
 + Level 5.9 Conjurations
 + Level 4.9 Summonings
 - Level 0.7 Transmutations
 + Level 10.4 Earth Magic


You had 23 spell levels left.
You knew the following spells:

 Your Spells              Type           Power      Damage    Failure   Level
a - Sandblast             Erth           100%       2d20      1%          1
b - Stone Arrow           Conj/Erth      100%       3d13      1%          3

Your spell library contained the following spells:

 Spells                   Type           Power      Damage    Failure   Level
 Kindle Blastsparks       Fire/Tloc/Air  18%        2d11      6%          3
 Magic Dart               Conj           100%       1d8       1%          1
 Call Imp                 Summ           30%        N/A       1%          2
 Passwall                 Tmut/Erth      40%        N/A       1%          2
 Searing Ray              Conj           68%        2d6       1%          2
 Call Canine Familiar     Summ           30%        N/A       2%          3
 Mephitic Cloud           Conj/Pois/Air  18%        N/A       2%          3
 Animate Armour           Summ/Erth      100%       N/A       3%          4
 Iskenderun's Battlesphe  Conj           34%        2d9       4%          5
 Beastly Appendage        Tmut           24%        N/A       5%          1
 Fulminant Prism          Conj/Hex       11%        3d9       5%          4
 Petrify                  Tmut/Erth      49%        N/A       7%          4
 Wereblood                Tmut           12%        N/A       8%          2
 Ensorcelled Hibernation  Hex/Ice        18%        N/A       11%         2
 Iron Shot                Conj/Erth      30%        9d6       11%         6
 Spider Form              Tmut/Pois      11%        N/A       19%         3
 Swiftness                Air            9%         N/A       22%         3
 Summon Ice Beast         Ice/Summ       20%        N/A       26%         4
 Summon Mana Viper        Hex/Summ       20%        N/A       56%         5
 Summon Cactus Giant      Summ           15%        N/A       80%         6
 Spellforged Servitor     Conj/Summ      16%        N/A       80%         7
 Lehudib's Crystal Spear  Conj/Erth      30%        10d8      97%         8
 Monstrous Menagerie      Summ           15%        N/A       100%        7


Dungeon Overview and Level Annotations

Branches:
Dungeon (9/15)             Temple (0/1) D:6           Sewer (visited)
   Lair: D:8-11         Orc: D:9-12

Altars:
Elyvilon
Hepliaklqana
Makhleb
Uskayaw
Vehumet
Xom
Yredelemnul
The Shining One

Shops:
D:3 :


Innate Abilities, Weirdness & Mutations

You are immune to sickness and miasma.
Your stone body is resilient. (AC +7)
You are immune to poison.
You resist negative energy. (rN+)
You are resistant to electric shocks. (rElec)
You are resistant to unholy torment.
You are immune to petrification.


Message History

You feel a surge of power!
The blast of sand hits Grum!!
You kill Grum!
Vehumet accepts your kill.
You feel your power returning.
Casting: Sandblast (safe; 1% risk of failure)
Confirm with . or Enter, or press ? or * to list all spells.
Aiming: Sandblast (safe; 1% risk of failure)
Press: ? - help, Shift-Dir - straight line, f - wolf
Aim: a wolf (76% to hit)
You feel a surge of power!
The blast of sand misses the wolf.
Casting: Sandblast (safe; 1% risk of failure)
Confirm with . or Enter, or press ? or * to list all spells.
Aiming: Sandblast (safe; 1% risk of failure)
Press: ? - help, Shift-Dir - straight line, f/p - wolf
Aim: a wolf (76% to hit)
You feel a surge of power!
The blast of sand hits the wolf.
The wolf is lightly wounded.
The wolf bites you!
* * * LOW HITPOINT WARNING * * *
The wolf bites you but does no damage.
Casting: Sandblast (safe; 1% risk of failure)
Confirm with . or Enter, or press ? or * to list all spells.
Aiming: Sandblast (safe; 1% risk of failure)
Press: ? - help, Shift-Dir - straight line, f/p - wolf
Aim: a wolf (lightly wounded, 76% to hit)
You feel a surge of power!
The blast of sand hits the wolf!
The wolf is severely wounded.
The wolf barely misses you. The wolf bites you.
* * * LOW HITPOINT WARNING * * *
Casting: Sandblast (safe; 1% risk of failure)
Confirm with . or Enter, or press ? or * to list all spells.
Aiming: Sandblast (safe; 1% risk of failure)
Press: ? - help, Shift-Dir - straight line, f/p - wolf
Aim: a wolf (severely wounded, 76% to hit)
You feel a surge of power!
The blast of sand hits the wolf.
The wolf is almost dead.
The wolf bites you.
* * * LOW HITPOINT WARNING * * *
The wolf completely misses you. The wolf bites you!
You die...

#.........####..#
##.........##.#.###
#.............g†h.#
#...........)###.##
##............# ..###
#.........#....# .†..#
##.......###....###...##
.........#.###.(h.......
.........(## ##.@<..#...
...........##..#.......#
....##......#. ........#
............# ..#....#..
....#........#.# .....#.
............... .......
...<.....##...) .......
.........# .>. ......#
#.#....#..#


You could see a wolf.

Vanquished Creatures
  Amaemon (D:8)
  An orange demon (D:8)
  A hornet (D:8)
  Sigmund (D:2)
  A steam dragon (D:8)
  Grum (D:9)
  3 water moccasins
  An orc warrior (D:7)
  2 ice beasts
  3 ogres
  3 wolves (D:9)
  4 centaurs
  A phantom (D:5)
  Blork the orc (D:4)
  The ghost of Athor the Sneak, an amateur VSBr (D:3)
  7 bullfrogs
  2 scorpions
  A howler monkey (D:7)
  2 hounds (D:5)
  2 gnoll boudas
  4 orc priests (D:5)
  4 jellies
  4 iguanas
  7 orc wizards
  A hound zombie (D:2)
  7 gnolls
  9 adders
  3 river rats (Sewer)
  2 white imps (D:6)
  2 ufetubi
  2 adder skeletons (D:2)
  4 worms
  4 dart slugs
  15 orcs
  15 ball pythons
  9 endoplasms
  A giant cockroach (D:4)
  2 goblins
  12 hobgoblins
  11 jackals
  3 quokkas
  A bat (D:2)
  7 frilled lizards
  A giant cockroach zombie (D:2)
  8 kobolds
  A quokka skeleton (D:2)
  A quokka zombie (D:2)
  20 rats
199 creatures vanquished.

Vanquished Creatures (others)
  9 withered plants
9 creatures vanquished.

Grand Total: 208 creatures vanquished

Notes
Turn   | Place    | Note
-------+----------+-------------------------------------------
     0 | D:1      | Crownlay the Gargoyle Earth Elementalist began the quest
                  | for the Orb.
     0 | D:1      | Reached XP level 1. HP: 10/10 MP: 3/3
   188 | D:1      | Reached XP level 2. HP: 15/15 MP: 0/5
   292 | D:1      | Reached skill level 4 in Earth Magic
   995 | D:2      | Reached XP level 3. HP: 12/19 MP: 1/7
  1263 | D:2      | Found a radiant altar of Vehumet.
  1393 | D:2      | Became a worshipper of Vehumet
  1671 | D:2      | Reached XP level 4. HP: 20/24 MP: 3/8
  1832 | D:2      | Noticed Sigmund
  1846 | D:2      | Killed Sigmund
  1847 | D:2      | Reached skill level 6 in Earth Magic
  1847 | D:2      | Reached XP level 5. HP: 19/28 MP: 1/11
  1847 | D:2      | Reached XP level 6. HP: 22/32 MP: 1/12
  2188 | D:3      | Got the Vellum of Beckoning
  2334 | D:3      | Found Pifo's Vocational Training.
  2532 | D:3      | Found a white marble altar of Elyvilon.
  2541 | D:3      | Found a runed translucent door.
  2542 | D:3      | Noticed Athor's ghost (amateur VSBr)
  3024 | D:3      | Killed Athor's ghost
  3070 | D:4      | Reached skill level 5 in Spellcasting
  3070 | D:4      | Reached skill level 7 in Earth Magic
  3070 | D:4      | Reached XP level 7. HP: 36/36 MP: 11/14
  3166 | D:4      | Reached * piety under Vehumet
  3166 | D:4      | Offered knowledge of Foxfire by Vehumet.
  3204 | D:4      | Noticed Blork the orc
  3208 | D:4      | Killed Blork the orc
  3365 | D:4      | Found a shimmering altar of Xom.
  3624 | D:4      | Found a glowing golden altar of the Shining One.
  3695 | D:5      | Entered Level 5 of the Dungeon
  3829 | D:5      | Reached skill level 8 in Earth Magic
  4004 | D:5      | Reached XP level 8. HP: 40/41 MP: 15/17
  4356 | D:5      | Found a glowing drain.
  4372 | Sewer    | Entered a sewer
  4400 | Sewer    | Reached ** piety under Vehumet
  4400 | Sewer    | Offered knowledge of Freeze by Vehumet.
  4464 | Sewer    | Reached skill level 1 in Conjurations
  4630 | Sewer    | Reached skill level 1 in Summonings
  4635 | Sewer    | Offered knowledge of Searing Ray by Vehumet.
  4909 | D:5      | Found a burning altar of Makhleb.
  4982 | D:5      | Learned a level 3 spell: Stone Arrow
  5232 | D:6      | Found a staircase to the Ecumenical Temple.
  5235 | D:6      | Reached XP level 9. HP: 38/45 MP: 18/21
  5329 | D:6      | Reached *** piety under Vehumet
  5424 | D:6      | Found a hide-covered altar of Uskayaw.
  5670 | D:6      | Found a basalt altar of Yredelemnul.
  5848 | D:5      | Reached skill level 9 in Earth Magic
  5953 | D:7      | Offered knowledge of Kindle Blastsparks by Vehumet.
  6754 | D:8      | Noticed a hornet
  6757 | D:8      | Killed a hornet
  6781 | D:8      | Found a hazy altar of Hepliaklqana.
  7060 | D:8      | Noticed Amaemon
  7080 | D:8      | Noticed an orange demon
  7084 | D:8      | Killed Amaemon
  7085 | D:8      | Reached skill level 5 in Conjurations
  7085 | D:8      | Reached skill level 10 in Earth Magic
  7085 | D:8      | Reached XP level 10. HP: 35/50 MP: 12/23
  7088 | D:8      | Killed an orange demon
  7088 | D:8      | Reached **** piety under Vehumet
  7710 | D:9      | Noticed Grum
  7724 | D:9      | Killed Grum
  7728 | D:9      | Slain by a wolf

Illustrated notes

Levels and vault maps discovered:
D:1:      denvon_arrival_planthouse, layout_rooms, minmay_misc_feat_room,
          roderic_lattice_a, minmay_misc_feat_x, dreamdust_wishing_well,
          minmay_misc_feat_more_columns
D:2:      layout_loops_corners, basic_altar, serial_undead, serial_undead_d,
          serial_undead_b, serial_undead_d, serial_undead_b,
          chequers_serial_rivers_micro_e, uniq_sigmund
D:3:      layout_loops_ring, nicolae_elyvilon_peaceful_grove,
          gammafunk_ghost_grave, chequers_serial_rivers_room_a,
          nicolae_shop_vocational
D:4:      layout_rooms, mainiacjoe_overflow_chevrons, kennysheep_mini,
          minmay_cut_off, uniq_blork_the_orc
D:5:      minmay_clustersquares, layout_gridville, old_standard_altar,
          cheibrodos_sewer_entry_bend
D:6:      layout_rooms, mainiacjoe_overflow_24_doors,
          nicolae_uskayaw_dance_hall, minmay_temple_entry_slanted
D:7:      layout_loops_ring, moated_statue
D:8:      layout_basic, mainiacjoe_overflow_boulevard,
          chequers_serial_rivers_small_3, uniq_amaemon
D:9:      layout_layer_cave, orc_david_3, uniq_erolcha, uniq_grum

Skill      XL: |  1  2  3  4  5  6  7  8  9 |
---------------+----------------------------+-----
Earth Magic    | 4 6 7 8 10 | 10.4
Spellcasting   | 3 4 5 6 8 9 |  9.2
Conjurations   | 2 5 |  5.9
Summonings     | 2 4 |  4.9
Dodging        | |  1.5
Stealth        | |  2.1
Transmutations | |  0.7

Action                     |  1- 3 |  4- 6 |  7- 9 | 10-12 || total
---------------------------+-------+-------+-------+-------++-------
  Melee: Unarmed           |    12 |       |       |       ||    12
         Dagger            |     3 |     1 |     5 |       ||     9
         Staff             |       |       |     3 |       ||     3
   Cast: Sandblast         |    47 |    37 |   207 |    22 ||   313
         Stone Arrow       |       |       |     5 |     2 ||     7
    Use: Scroll            |       |     4 |     8 |     3 ||    15
         Potion            |       |       |     2 |     1 ||     3
 Armour: Robe              |    17 |     7 |    57 |    19 ||   100
  Dodge: Dodged            |    26 |    12 |   105 |    20 ||   163

Table legend: (Time is in decaauts)
 A = Elapsed time spent in this place.
 B = Non-inter-level travel time spent in this place.
 C = Inter-level travel time spent in this place.
 D = Time resting spent in this place.
 E = Time spent auto-exploring this place.
 F = Levels seen in this place.
 G = Mean time per level.
                   A        B        C        D        E       F      G
               +--------+--------+--------+--------+--------+-----+--------+
         Total |   7925 |   7667 |    258 |      0 |   6546 |  10 |  792.5 |
       Dungeon |   7518 |   7260 |    258 |      0 |   6287 |   9 |  835.3 |
         Sewer |    407 |    407 |      0 |      0 |    259 |   1 |  407.0 |
               +--------+--------+--------+--------+--------+-----+--------+

Top non-repeatable levels by time:
     D:2: 1194 daAuts
     D:5: 1191 daAuts
     D:8: 1096 daAuts
     D:1: 1002 daAuts
     D:3: 907 daAuts
     D:7: 727 daAuts
     D:6: 697 daAuts
     D:4: 642 daAuts
   Sewer: 407 daAuts
     D:9: 58 daAuts
